 Dungeon Crawl Stone Soup version 0.17-a0-1-g1f4be75 (console) character file.

107 Liam the Conjurer (level 4, -2/24 HPs)
             Began as a Deep Elf Conjurer on Mar 11, 2015.
             Was an Initiate of Sif Muna.
             Slain by a gnoll
             ... wielding a +0 whip
              (4 damage)
             ... on level 3 of the Dungeon.
             The game lasted 00:03:31 (1708 turns).

Liam the Conjurer (Deep Elf Conjurer)               Turns: 1708, Time: 00:03:31

Health: -2/24      AC:  2    Str:  5    XL:     4   Next: 57%
Magic:  0/14       EV: 13    Int: 21    God:    Sif Muna [......]
Gold:   68         SH:  0    Dex: 15    Spells: 2 memorised, 5 levels left

rFire  . . .     SeeInvis .     (no weapon)
rCold  . . .     Clarity  .     a - +0 robe
rNeg   . . .     SustAb   .     (no shield)
rPois  .         Gourm    .     (no helmet)
rElec  .         Spirit   .     (no cloak)
rCorr  .         Warding  .     (no gloves)
rMut   .         Stasis   .     (no boots)
MR     .....                    (no amulet)
Stlth  ++........               (no ring)
                                (no ring)

@: not resistant to hostile enchantments, unstealthy
A: no striking features
a: Renounce Religion


You were on level 3 of the Dungeon.
You worshipped Sif Muna.
Sif Muna was noncommittal.
You were not hungry.

You visited 1 branch of the dungeon, and saw 3 of its levels.

You collected 68 gold pieces.

Inventory:

Armour
 a - a +0 robe (worn)
 i - a +0 buckler
Jewellery
 f - an uncursed ring of magical power {unknown}
 l - an uncursed ring of magical power {unknown}
 n - an uncursed amulet of rage {unknown}
Scrolls
 d - 3 scrolls of identify {unknown}
 e - a scroll of random uselessness {unknown}
 j - a scroll of teleportation {unknown}
 k - a scroll of magic mapping {unknown}
 m - a scroll of remove curse {unknown}
Potions
 h - a potion of flight {unknown}
 p - a potion of poison {unknown}
 r - a potion of invisibility {unknown}
Books
 c - a book of Conjurations

   Spells                             Type                      Level
   a - Magic Dart                     Conjuration                  1
   b - Searing Ray                    Conjuration                  2
   c - Dazzling Spray                 Conjuration/Hexes            3
   d - Fulminant Prism                Conjuration/Hexes            4
   e - Iskenderun's Mystic Blast      Conjuration                  4
   f - Iskenderun's Battlesphere      Conjuration/Charms           5
Comestibles
 b - 2 bread rations
 g - 3 slices of pizza
 o - a meat ration
 q - a chunk of flesh


   Skills:
 + Level 2.7 Dodging
 + Level 2.7 Stealth
 + Level 3.9 Spellcasting
 + Level 6.0 Conjurations


You had 5 spell levels left.
You knew the following spells:

 Your Spells              Type           Power        Failure   Level  Hunger
a - Magic Dart            Conj           ####         1%          1    None
x - Iskenderun's Mystic   Conj           ####....     12%         4    ####...


Dungeon Overview and Level Annotations

Branches:
Dungeon (3/15)

Altars:
Nemelex Xobeh
Qazlal
Sif Muna
Vehumet
Zin


Message History

An adder comes into view.
Found 18 poisoned arrows.
Casting: Magic Dart
Confirm with . or Enter, or press ? or * to list all spells.
Aiming: Magic Dart
Press: ? - help, Shift-Dir - straight line, f/p - gnoll
Aim: a gnoll, wielding a whip (heavily wounded)
The magic dart hits the gnoll.
The gnoll is almost dead.
The gnoll hits you with a whip.
* * * LOW HITPOINT WARNING * * *
Casting: Magic Dart
Confirm with . or Enter, or press ? or * to list all spells.
Aiming: Magic Dart
Press: ? - help, Shift-Dir - straight line, f/p - gnoll
Aim: a gnoll, wielding a whip (almost dead)
The magic dart hits the gnoll.
The gnoll is almost dead.
The gnoll hits you with a whip.
You die...

#.( #.# #S# #.#
#.# #.# #.# #.#
###### #@# .....#
###g# ####.#
######<#.# #.#
...##.#.#
#.######.##.#.#
#.#.(.........#
#............####
###)####.##.....#
#)# #.##.###.#


You could see a gnoll and an adder.

Vanquished Creatures
  An adder (D:2)
  6 gnolls (D:3)
  A worm (D:2)
  A giant gecko (D:2)
  A giant cockroach (D:2)
  4 goblins
  8 hobgoblins
  8 kobolds
  A ball python (D:2)
  4 bats (D:2)
  4 giant newts
  A rat (D:1)
40 creatures vanquished.

Notes
Turn   | Place    | Note
--------------------------------------------------------------
     0 | D:1      | Liam, the Deep Elf Conjurer, began the quest for the Orb.
     0 | D:1      | Reached XP level 1. HP: 10/10 MP: 5/5
   173 | D:1      | Reached XP level 2. HP: 15/15 MP: 4/8
   258 | D:1      | Reached skill level 5 in Conjurations
   759 | D:2      | Found a sparkling altar of Nemelex Xobeh.
   818 | D:2      | Reached XP level 3. HP: 19/19 MP: 5/11
   926 | D:2      | Found a radiant altar of Vehumet.
   926 | D:2      | Found a glowing silver altar of Zin.
   927 | D:2      | Found a deep blue altar of Sif Muna.
  1042 | D:2      | Became a worshipper of Sif Muna the Loreminder
  1386 | D:2      | Found a stormy altar of Qazlal.
  1620 | D:3      | Reached XP level 4. HP: 24/24 MP: 5/14
  1656 | D:3      | Learned a level 4 spell: Iskenderun's Mystic Blast
  1671 | D:3      | Reached skill level 6 in Conjurations
  1708 | D:3      | Slain by a gnoll

Action                   |  1- 3 |  4- 6 || total
-------------------------+-------+-------++-------
 Cast: Magic Dart        |    71 |    19 ||    90
  Eat: Chunk             |     1 |     1 ||     2
